 Dungeon Crawl Stone Soup version 0.29.1-12-g30fa7ad0bf (webtiles) character file.

Game seed: 8888769931246635017

147 unlimited1921 the Magician (level 5, 0/35 HPs)
             Began as a Djinni Fire Elementalist on Jan 10, 2023.
             Slain by a goblin
             ... wielding a +0 club
              (3 damage)
             ... on level 3 of the Dungeon.
             The game lasted 00:08:20 (5513 turns).

unlimited1921 the Magician (DjFE)                   Turns: 5513, Time: 00:08:21

Health: 0/35       AC:  3    Str:  7    XL:     5   Next: 55%
Gold:   82         EV: 12    Int: 19    God:
                   SH:  0    Dex: 13

rFire   + + .      SeeInvis .   j - +0 whip (freeze)
rCold   x . .      Faith    .   (no shield)
rNeg    + . .      Spirit   .   a - +0 robe
rPois   ∞          Reflect  .   (no helmet)
rElec   .          Harm     .   (no cloak)
rCorr   .          Rampage  .   c - +0 pair of gloves
Will    .....                   (boots unavailable)
Stlth   ++........              (no amulet)
HPRegen 0.11/turn               e - ring of positive energy
MPRegen 0.00/turn               (no ring)

@: flying
A: sickness immunity, fire resistance 2, cold vulnerability 1, float, innate
caster, HP casting, extra vitality 1
a: no special abilities


You were on level 3 of the Dungeon.
You visited 1 branch of the dungeon, and saw 3 of its levels.

You collected 82 gold pieces.

Inventory:

Hand Weapons
 j - a +0 whip of freezing (weapon)
 m - a +0 rapier
Missiles
 k - a throwing net
Armour
 a - a +0 robe (worn)
 b - a +0 leather armour
 c - a +0 pair of gloves (worn)
Jewellery
 e - a ring of positive energy (left hand)
Scrolls
 d - a scroll of butterflies {unknown}
 g - a scroll of magic mapping {unknown}
 h - a scroll of vulnerability {unknown}
 n - a scroll of blinking {unknown}
 q - a scroll of fear {unknown}
Potions
 f - 2 potions of brilliance {unknown}
 i - a potion of curing {unknown}
 l - 3 potions of heal wounds {unknown}
 o - a potion of resistance {unknown}
 p - 3 potions of degeneration {unknown}


   Skills:
 + Level 0.1 Fighting
 + Level 2.7 Dodging
 + Level 2.1 Stealth
 + Level 4.2 Spellcasting


You couldn't memorise any spells.
You knew the following spells:

 Your Spells              Type           Power      Damage    Failure   Level
a - Foxfire               Conj/Fire      76%        2x1d7     2%          1
b - Scorch                Fire           38%        2d7       3%          2
c - Conjure Flame         Conj/Fire      19%        6-21      7%          3
d - Inner Flame           Hex/Fire       19%        N/A       7%          3
e - Flame Wave            Conj/Fire      19%        2d7       24%         4
f - Apportation           Tloc           38%        N/A       2%          1
g - Blink                 Tloc           38%        N/A       3%          2
Your spell library was empty.

Dungeon Overview and Level Annotations

Branches:
Dungeon (3/15)

Altars:
Trog

Shops:
D:1 (


Innate Abilities, Weirdness & Mutations

You are immune to sickness and miasma.
You are immune to poison.
Your flesh is very heat resistant. (rF++)
You are vulnerable to cold. (rC-)
You float through the air rather than walking.
You learn spells naturally, not from books.
Your magical power is your life essence.
You have superior vitality. (+4 MHP)


Message History

The orc attacks as you move away! The orc barely misses you.
The foxfire hits the orc.
The orc is heavily wounded.
The foxfire hits the orc.
You kill the orc!
You conjure some foxfire!
The orc hits you with a +0 short sword.
The foxfire hits the endoplasm.
The endoplasm is lightly wounded.
The orc attacks as you move away! The orc hits you with a +0 short sword.
* * * LOW HITPOINT WARNING * * *
The foxfire hits the orc.
The orc is moderately wounded.
You are too injured to fight recklessly!
You are too injured to fight recklessly!
You are too injured to fight recklessly!
You are too injured to fight recklessly!
You are too injured to fight recklessly!
The orc barely misses you.
You are too injured to fight recklessly!
The endoplasm hits you but does no damage.
The endoplasm attacks as you move away!
The endoplasm hits you but does no damage.
The orc attacks as you move away! The orc barely misses you.
Found a chain mail.
The orc attacks as you move away! The orc hits you with a +0 short sword.
* * * LOW HITPOINT WARNING * * *
A goblin comes into view. It is wielding a +0 club.
The goblin moves out of view.
The orc barely misses you.
The goblin shouts!
The goblin closely misses you. The goblin attacks as you move away!
The goblin hits you with a +0 club.
* * * LOW HITPOINT WARNING * * *
The orc attacks as you move away! The orc hits you with a +0 short sword.
* * * LOW HITPOINT WARNING * * *
The goblin attacks as you move away! The goblin misses you.
The orc attacks as you move away! The orc hits you with a +0 short sword.
* * * LOW HITPOINT WARNING * * *
The goblin hits you with a +0 club.
You die...

#.........#
##....^....#
...........#
##.........#
...........#
#.........#
.######.#)####
...#....#.##### ..
.........@....#
.###.#...og######
.# ..........#
...#..#....J##
.#..)#......# #####
$..#........# #...#
#.).#......####...#
#..........J....#
#...#.###.####)...#


You could see an orc, an endoplasm and a goblin.

Vanquished Creatures
  Terence (D:2)
  3 gnolls
  3 adders (D:2)
  3 worms (D:2)
  A dart slug (D:2)
  4 orcs (D:3)
  6 ball pythons
  3 endoplasms
  2 giant cockroaches (D:2)
  A goblin (D:2)
  3 hobgoblins (D:2)
  4 jackals (D:2)
  4 kobolds
  9 bats
  3 frilled lizards
  A rat (D:2)
51 creatures vanquished.

Vanquished Creatures (collateral kills)
  2 foxfires (D:2)
2 creatures vanquished.

Vanquished Creatures (others)
  197 foxfires
  9 plants (D:2)
206 creatures vanquished.

Grand Total: 259 creatures vanquished

Notes
Turn   | Place    | Note
-------+----------+-------------------------------------------
     0 | D:1      | unlimited1921 the Djinni Fire Elementalist began the quest
                  | for the Orb.
     0 | D:1      | unlimited1921 set off with the following spells memorised:
                  | Foxfire, Scorch, Conjure Flame, Inner Flame, Flame Wave.
     0 | D:1      | Reached XP level 1. HP: 15/15 MP: 0/0
   380 | D:1      | Found a faded altar of an unknown god.
   626 | D:1      | Reached XP level 2. HP: 17/21 MP: 0/0
  1261 | D:1      | Found Qiulirr's Antique Weapon Emporium.
  1552 | D:2      | Found a bloodstained altar of Trog.
  1555 | D:2      | Noticed Terence
  1559 | D:2      | Killed Terence
  1560 | D:2      | Reached skill level 3 in Spellcasting
  1560 | D:2      | Reached XP level 3. HP: 19/25 MP: 0/0
  1560 | D:2      | Learned a level 1 spell: Apportation
  2086 | D:2      | Reached XP level 4. HP: 28/31 MP: 0/0
  4558 | D:2      | Reached XP level 5. HP: 12/35 MP: 0/0
  4558 | D:2      | Learned a level 2 spell: Blink
  4869 | D:2      | Reached skill level 4 in Spellcasting
  5513 | D:3      | Slain by a goblin

Illustrated notes

Levels and vault maps discovered:
D:1:      dpeg_arrival_chambers_temple_mockup, layout_basic,
          shapermc_ecumenical_altar_pompeii, serial_shops, shop_fountains,
          patterned_corridor
D:2:      cheibrodos_old_hovel, layout_basic, basic_altar,
          minmay_three_crescents, uniq_terence
D:3:      layout_rooms, nicolae_overflow_hidden_temple,
          amcnicky_mini_corridor_feature, hex_medium, minmay_strange_pillars,
          uniq_sigmund, uniq_natasha

Skill      XL: |  1  2  3  4  5 |
---------------+----------------+-----
Spellcasting   | 3 4 |  4.2
Stealth        | 2 |  2.1
Fighting       | |  0.1
Dodging        | |  2.7

Action                   |  1- 3 |  4- 6 || total
-------------------------+-------+-------++-------
Melee: Whip              |       |     6 ||     6
 Cast: Foxfire           |    43 |    86 ||   129
       Scorch            |     1 |    15 ||    16
Armor: Robe              |     2 |    16 ||    18
Dodge: Dodged            |     2 |    41 ||    43
